cohdb
Replays
Latest Replays
All Replays
Popular Replays
Top Player Replays
Match Explorer
How It Works
Community
CoH3 Stats
Reddit
Sign in to upload your games and track your stats! →
Sign in with Steam
Match 19729266
Unlisted
Match 19729266
Overview
Messages
Build Orders
End
Panzergrenadier Squad
Panzergrenadier Squad
Construct Light Support Kompanie
MG34 Team
2.5-tonne Medical Truck
Panzerjäger Squad
Fire Support Elements
le.IG 18 Mechanized Group
Panzerjäger Squad
Selects Armored Support Battlegroup
Selects Superior Fire Drills
Selects Flammpanzer III Medium Tank Sd.Kfz. 141
Flammpanzer III Medium Tank
Construct Panzerarmee Kommand
Selects Vehicle Awareness
Walking Stuka Rocket Launcher
Panzer III L Medium Tank
Selects Panzer Storm
Flak 36 Anti-tank Gun Team
Selects Stuka Anti-tank Loiter
Stuka Anti-tank Loiter
Armored Reserves
Selects Battlefield Salvage
Stuka Anti-tank Loiter
StuG Assault Group
Stuka Anti-tank Loiter
Panzer III L Medium Tank
Panzer III L Medium Tank
Panzer III L Medium Tank
Stuka Anti-tank Loiter
Battlefield Salvage
Panzerjäger Squad
Panzerjäger Squad
StuG Assault Group
Stuka Anti-tank Loiter
kerem
[THT] Thusanai
Pandaren
喜之郎
Devos
ForestJun
Amatsukaze
ratharano
0
0
Comments
sign in to comment!
No comments posted yet!